[Event "Orsha A 2021"]
[Site "Orsha"]
[Date "2021.04.06"]
[Round "1.1"]
[White "Shydlouski, Artsiom"]
[Black "Aleksandrov, Aleksej"]
[Result "0-1"]
[ECO "D51"]
[WhiteElo "1684"]
[BlackElo "2563"]
[Annotator "ChessBase"]
[PlyCount "72"]
[EventDate "2021.04.06"]
[EventType "swiss"]
[EventCountry "BLR"]
[SourceTitle "playchess.com"]
[Source "ChessBase"]
[SourceQuality "1"]
[TimeControl "5400+30"]

1. d4 d5 2. Nf3 Nf6 3. c4 e6 4. Nc3 Nbd7 5. Bg5 h6 6. Bxf6 Nxf6 7. cxd5 exd5 8. e3 Bd6 9. Bd3 O-O 10. Ne5 Bxe5 11. dxe5 Ng4 12. Be2 Nxe5 13. Qxd5 Qe7 14. O-O c6 15. Qe4 f5 16. Qc2 Be6 17. f4 Nc4 18. Bxc4 Bxc4 19. Rfe1 Rad8 20. e4 fxe4 21. Qxe4 Qf7 22. g3 Rfe8 23. Qg2 Rxe1+ 24. Rxe1 Bxa2 25. Qe4 Bc4 26. Qe5 Qf8 27. f5 b5 28. Re4 Bd3 29. Rf4 Qe8 30. Qc5 a5 31. f6 gxf6 32. Rxf6 b4 33. Na4 Rd5 34. Qc1 Re5 35. Qxh6 Re1+ 36. Kg2 Qe4+ 0-1

[Event "Orsha A 2021"]
[Site "Orsha"]
[Date "2021.04.06"]
[Round "1.2"]
[White "Stupak, Kirill"]
[Black "Bugaev, Anton"]
[Result "1-0"]
[ECO "D72"]
[WhiteElo "2501"]
[BlackElo "1748"]
[Annotator "ChessBase"]
[PlyCount "99"]
[EventDate "2021.04.06"]
[EventType "swiss"]
[EventCountry "BLR"]
[SourceTitle "playchess.com"]
[Source "ChessBase"]
[SourceQuality "1"]
[TimeControl "5400+30"]

1. d4 Nf6 2. g3 g6 3. Bg2 d5 4. c4 Bg7 5. cxd5 Nxd5 6. e4 Nb6 7. Ne2 O-O 8. O-O Nc6 9. d5 Na5 10. Qe1 Nac4 11. Nbc3 c6 12. dxc6 bxc6 13. b3 Ne5 14. Ba3 Bh3 15. Rd1 Bxg2 16. Kxg2 Qc7 17. f4 Ng4 18. Bc5 Rfd8 19. h3 Rxd1 20. Qxd1 Nf6 21. Qc1 e6 22. e5 Nfd5 23. Ne4 Nd7 24. Bf2 Bf8 25. N2c3 c5 26. Rd1 Qc6 27. Kh2 Rc8 28. Qd2 Nxc3 29. Nxc3 Nb6 30. Qe2 Nd5 31. Ne4 c4 32. bxc4 Qxc4 33. Qxc4 Rxc4 34. Nf6+ Kg7 35. Nxd5 exd5 36. Rxd5 Rc2 37. Kg1 Rxa2 38. Rd7 Kg8 39. g4 Ra4 40. Bh4 Rxf4 41. Rd8 f6 42. Bg3 Re4 43. exf6 Re6 44. g5 Kf7 45. Rd7+ Kg8 46. Bf2 h6 47. gxh6 Bxh6 48. f7+ Kg7 49. Bd4+ Rf6 50. f8=Q+ 1-0

[Event "Orsha A 2021"]
[Site "Orsha"]
[Date "2021.04.06"]
[Round "1.3"]
[White "Barkasheva, Sofia"]
[Black "Zarubitski, Viachaslau"]
[Result "0-1"]
[ECO "B48"]
[WhiteElo "1636"]
[BlackElo "2456"]
[Annotator "ChessBase"]
[PlyCount "82"]
[EventDate "2021.04.06"]
[EventType "swiss"]
[EventCountry "BLR"]
[SourceTitle "playchess.com"]
[Source "ChessBase"]
[SourceQuality "1"]
[TimeControl "5400+30"]

1. e4 c5 2. Nf3 e6 3. d4 cxd4 4. Nxd4 Nc6 5. Nc3 Qc7 6. Be3 a6 7. a3 Nf6 8. Be2 b5 9. Bf3 Bb7 10. Nxc6 Bxc6 11. Qd3 Be7 12. O-O h5 13. Rfd1 Ng4 14. g3 Nxe3 15. Qxe3 Qe5 16. Qd4 Bf6 17. Qxe5 Bxe5 18. Rd3 g5 19. Rad1 Rc8 20. R1d2 d6 21. b3 Ke7 22. Ne2 Bb7 23. Bg2 g4 24. Nd4 h4 25. b4 hxg3 26. hxg3 Rc4 27. Bf1 Bxe4 28. Nf3 Bxf3 29. Rxf3 gxf3 30. Bxc4 bxc4 31. Rd1 d5 32. Rb1 Bd4 33. a4 Rh3 34. a5 Rxg3+ 35. Kf1 Rg2 36. b5 Rxf2+ 37. Ke1 Re2+ 38. Kf1 Rf2+ 39. Ke1 axb5 40. Rxb5 Re2+ 41. Kf1 Rxc2 0-1

[Event "Orsha A 2021"]
[Site "Orsha"]
[Date "2021.04.06"]
[Round "1.4"]
[White "Apryshko, Gleb"]
[Black "Gamburg, Alexandr"]
[Result "1-0"]
[ECO "B10"]
[WhiteElo "2391"]
[BlackElo "1628"]
[Annotator "ChessBase"]
[PlyCount "55"]
[EventDate "2021.04.06"]
[EventType "swiss"]
[EventCountry "BLR"]
[SourceTitle "playchess.com"]
[Source "ChessBase"]
[SourceQuality "1"]
[TimeControl "5400+30"]

1. e4 c6 2. d3 d5 3. Nd2 e5 4. g3 Bd6 5. Bg2 Nf6 6. Ngf3 O-O 7. O-O Re8 8. Nh4 Qc7 9. h3 a5 10. Qf3 Nbd7 11. Nf5 Bf8 12. g4 g6 13. Ng3 h6 14. h4 dxe4 15. Ndxe4 Nxe4 16. Nxe4 Bg7 17. Be3 Re6 18. g5 h5 19. Qg3 Nf8 20. f4 exf4 21. Bxf4 Be5 22. Bxe5 Qxe5 23. Qf2 Qc7 24. Nf6+ Kg7 25. Rae1 Rxe1 26. Rxe1 Qb8 27. Ne8+ Kg8 28. Qf6 1-0

[Event "Orsha A 2021"]
[Site "Orsha"]
[Date "2021.04.06"]
[Round "1.5"]
[White "Kaniusheuski, Raman"]
[Black "Sargsyan, Anna M."]
[Result "0-1"]
[ECO "B11"]
[WhiteElo "1622"]
[BlackElo "2380"]
[Annotator "ChessBase"]
[PlyCount "98"]
[EventDate "2021.04.06"]
[EventType "swiss"]
[EventCountry "BLR"]
[SourceTitle "playchess.com"]
[Source "ChessBase"]
[SourceQuality "1"]
[TimeControl "5400+30"]

1. e4 c6 2. Nc3 d5 3. Nf3 Bg4 4. h3 Bh5 5. Be2 e6 6. d4 dxe4 7. Nxe4 Nd7 8. O-O Ngf6 9. Ng3 Bg6 10. Bd3 Bd6 11. Bg5 Qc7 12. Ne2 O-O 13. Bxg6 hxg6 14. Qd3 c5 15. Nc3 a6 16. d5 c4 17. Qd2 e5 18. Rfe1 Rfe8 19. Ne4 Nxe4 20. Rxe4 f6 21. Bh4 b5 22. Rae1 Rad8 23. Nd4 Nc5 24. R4e2 Qf7 25. Nc6 Rd7 26. b4 Na4 27. c3 Bf8 28. Rd1 Rc8 29. Na5 Nb6 30. Qc2 Rxd5 31. Rxd5 Nxd5 32. a3 Nf4 33. Rd2 Nd3 34. Qb1 e4 35. a4 g5 36. Bg3 f5 37. axb5 axb5 38. f3 Qa7+ 39. Kf1 f4 40. Be1 exf3 41. gxf3 Qe3 42. Qd1 Qe6 43. Rg2 Qxh3 44. Qe2 Qf5 45. Bd2 Ne5 46. Kf2 Be7 47. Nb7 Rc7 48. Na5 Rd7 49. Rg1 Rd3 0-1

[Event "Orsha A 2021"]
[Site "Orsha"]
[Date "2021.04.06"]
[Round "1.6"]
[White "Barseghyan, Armen Ar."]
[Black "Baisheva, Nyurguiaana"]
[Result "1-0"]
[ECO "D38"]
[WhiteElo "2358"]
[BlackElo "1701"]
[Annotator "ChessBase"]
[PlyCount "61"]
[EventDate "2021.04.06"]
[EventType "swiss"]
[EventCountry "BLR"]
[SourceTitle "playchess.com"]
[Source "ChessBase"]
[SourceQuality "1"]
[TimeControl "5400+30"]

1. d4 Nf6 2. c4 e6 3. Nc3 Bb4 4. Nf3 d5 5. cxd5 exd5 6. Bf4 O-O 7. e3 Ne4 8. Rc1 c6 9. Bd3 f5 10. Qb3 Qe7 11. h4 h6 12. Ne5 Rf6 13. h5 Nxc3 14. bxc3 Bd6 15. c4 dxc4 16. Bxc4+ Kf8 17. O-O Qc7 18. Ng6+ Ke8 19. Be5 Nd7 20. Bxf6 Nxf6 21. Nf4 Bxf4 22. exf4 Qxf4 23. Rfe1+ Kd7 24. Be6+ Kc7 25. Bxc8 Rxc8 26. Re7+ Kd8 27. Rce1 Ne4 28. R1xe4 fxe4 29. Qe6 Qc1+ 30. Kh2 Qf4+ 31. Kh3 1-0

[Event "Orsha A 2021"]
[Site "Orsha"]
[Date "2021.04.06"]
[Round "1.7"]
[White "Artemov, Maxim"]
[Black "Tsaruk, Maksim"]
[Result "0-1"]
[ECO "E04"]
[WhiteElo "1585"]
[BlackElo "2306"]
[Annotator "ChessBase"]
[PlyCount "112"]
[EventDate "2021.04.06"]
[EventType "swiss"]
[EventCountry "BLR"]
[SourceTitle "playchess.com"]
[Source "ChessBase"]
[SourceQuality "1"]
[TimeControl "5400+30"]

1. d4 Nf6 2. Nf3 d5 3. c4 e6 4. g3 dxc4 5. Bg2 c5 6. O-O Nc6 7. Ne5 Bd7 8. Na3 cxd4 9. Naxc4 Be7 10. Bf4 O-O 11. Nxd7 Qxd7 12. Ne5 Nxe5 13. Bxe5 Rad8 14. Qb3 Ng4 15. Bf4 e5 16. Bd2 Nf6 17. Rac1 b6 18. e3 Bc5 19. Rfd1 Qf5 20. exd4 Bxd4 21. Be3 Bxe3 22. Qxe3 Rxd1+ 23. Rxd1 Qc2 24. Qd2 Qxd2 25. Rxd2 Rc8 26. h3 Kf8 27. Re2 Nd7 28. Be4 g6 29. Bd5 Rc5 30. Bb7 a5 31. a3 Ke7 32. Rd2 Nf8 33. Kg2 Ne6 34. Bd5 Nd4 35. Be4 f5 36. Bd3 Rc1 37. Bf1 Kd6 38. f4 h6 39. Kf2 Ke6 40. Bg2 Rc2 41. Rxc2 Nxc2 42. fxe5 Kxe5 43. Bc6 g5 44. Be8 Ke4 45. Bg6 Ne3 46. b4 Nc4 47. bxa5 bxa5 48. a4 Ne5 49. Be8 Kd4 50. h4 g4 51. Bb5 Ke4 52. Ba6 Nd3+ 53. Ke2 Nc5 54. Bb5 f4 55. Bc6+ Ke5 56. Kf2 Ne4+ 0-1

[Event "Orsha A 2021"]
[Site "Orsha"]
[Date "2021.04.06"]
[Round "2.1"]
[White "Aleksandrov, Aleksej"]
[Black "Vainerchuk, Barys"]
[Result "1/2-1/2"]
[ECO "A18"]
[WhiteElo "2563"]
[BlackElo "1993"]
[Annotator "ChessBase"]
[PlyCount "137"]
[EventDate "2021.04.06"]
[EventType "swiss"]
[EventCountry "BLR"]
[SourceTitle "playchess.com"]
[Source "ChessBase"]
[SourceQuality "1"]
[TimeControl "5400+30"]

1. c4 Nf6 2. Nc3 e6 3. e4 d5 4. cxd5 exd5 5. e5 d4 6. exf6 dxc3 7. Qa4+ Nc6 8. Qe4+ Be6 9. dxc3 gxf6 10. Be3 f5 11. Qa4 Qd5 12. Nf3 Qe4 13. Bb5 Qxa4 14. Bxa4 O-O-O 15. O-O Bd6 16. Nd4 Nxd4 17. Bxd4 Rhg8 18. Bf6 Rdf8 19. Rfe1 Rg6 20. Be5 Bd5 21. g3 Be4 22. Bxd6 Rxd6 23. Rad1 Rfd8 24. Rxd6 Rxd6 25. Rd1 Rxd1+ 26. Bxd1 f4 27. gxf4 Kd7 28. f3 Bd5 29. a3 f5 30. Kf2 Ke6 31. b4 b6 32. b5 Kd6 33. Bc2 Ke6 34. Ke3 Bb7 35. Bd3 Bc8 36. Bc4+ Kd6 37. Kf2 Ke7 38. Kg3 Kf6 39. Bd5 Bd7 40. c4 h6 41. Kf2 Ke7 42. Ke3 Kd6 43. Kd4 Bc8 44. Bf7 Bd7 45. Ke3 Ke7 46. Bg8 Bc8 47. Kf2 Bd7 48. Bd5 Bc8 49. Kg3 Kf6 50. Kh4 Kg6 51. Kg3 Kf6 52. Kg2 Bd7 53. Kf2 Ke7 54. Ke3 Kd6 55. Kd4 Bc8 56. Ba8 Bd7 57. Bb7 Be6 58. a4 Bd7 59. Bd5 Bc8 60. a5 Bd7 61. a6 Bc8 62. Bc6 Be6 63. Be8 Bc8 64. Bg6 Bd7 65. h4 Bc8 66. Bh7 Bd7 67. Bg6 Bc8 68. Bh7 Bd7 69. Bg6 1/2-1/2

[Event "Orsha A 2021"]
[Site "Orsha"]
[Date "2021.04.06"]
[Round "2.2"]
[White "Klachkou, Tsimafei"]
[Black "Stupak, Kirill"]
[Result "0-1"]
[ECO "A50"]
[WhiteElo "1992"]
[BlackElo "2501"]
[Annotator "ChessBase"]
[PlyCount "56"]
[EventDate "2021.04.06"]
[EventType "swiss"]
[EventCountry "BLR"]
[SourceTitle "playchess.com"]
[Source "ChessBase"]
[SourceQuality "1"]
[TimeControl "5400+30"]

1. d4 Nf6 2. c4 b6 3. f3 Nc6 4. d5 Ne5 5. e4 Ng6 6. Be3 e5 7. Nc3 Bc5 8. Qd2 d6 9. Nge2 a5 10. Nb5 Nd7 11. Nc1 O-O 12. Nd3 Bxe3 13. Qxe3 f5 14. exf5 Rxf5 15. g3 Rf7 16. O-O-O Ba6 17. a4 Bxb5 18. cxb5 Ne7 19. Ne1 Nf5 20. Qa3 Nc5 21. Nc2 Qg5+ 22. Kb1 Raf8 23. Bd3 Ne7 24. Be4 Kh8 25. Qa2 Ng8 26. Ne1 Nxe4 27. fxe4 Nf6 28. Qc4 Qg6 0-1

[Event "Orsha A 2021"]
[Site "Orsha"]
[Date "2021.04.06"]
[Round "2.3"]
[White "Zarubitski, Viachaslau"]
[Black "Sokolov, Ilia"]
[Result "1-0"]
[ECO "C16"]
[WhiteElo "2456"]
[BlackElo "1938"]
[Annotator "ChessBase"]
[PlyCount "79"]
[EventDate "2021.04.06"]
[EventType "swiss"]
[EventCountry "BLR"]
[SourceTitle "playchess.com"]
[Source "ChessBase"]
[SourceQuality "1"]
[TimeControl "5400+30"]

1. e4 e6 2. d4 d5 3. Nc3 Bb4 4. e5 Ne7 5. a3 Bxc3+ 6. bxc3 b6 7. Qg4 Ng6 8. h4 h5 9. Qd1 Ba6 10. Bxa6 Nxa6 11. Bg5 Qd7 12. Ne2 Qa4 13. O-O Ne7 14. Nf4 g6 15. Bxe7 Kxe7 16. Nh3 Nb8 17. Ng5 Nd7 18. Re1 Rhg8 19. Re3 Rg7 20. Rf3 Rc8 21. Rf4 Rf8 22. Qd2 a5 23. Re1 Qxa3 24. c4 c6 25. cxd5 cxd5 26. Re3 Qb4 27. Qc1 a4 28. c3 Rc8 29. Ref3 a3 30. Qc2 Rc4 31. Rxf7+ Rxf7 32. Rxf7+ Kd8 33. Qxg6 Qa4 34. Nxe6+ Kc8 35. Qg8+ Kb7 36. Qd8 Rxc3 37. Rxd7+ Ka6 38. Qa8+ Kb5 39. Nc7+ Rxc7 40. Qxa4+ 1-0

[Event "Orsha A 2021"]
[Site "Orsha"]
[Date "2021.04.06"]
[Round "2.4"]
[White "Poliakova, Varvara"]
[Black "Apryshko, Gleb"]
[Result "0-1"]
[ECO "B06"]
[WhiteElo "1918"]
[BlackElo "2391"]
[Annotator "ChessBase"]
[PlyCount "110"]
[EventDate "2021.04.06"]
[EventType "swiss"]
[EventCountry "BLR"]
[SourceTitle "playchess.com"]
[Source "ChessBase"]
[SourceQuality "1"]
[TimeControl "5400+30"]

1. e4 g6 2. d4 Bg7 3. Nf3 d6 4. Bd3 Nd7 5. c3 e6 6. O-O b6 7. Re1 Bb7 8. Na3 a6 9. Nc2 Ne7 10. h3 h6 11. Qe2 c5 12. a4 Qc7 13. Bf4 O-O 14. Bh2 Nc6 15. Rad1 Rfd8 16. Bc4 Na5 17. Ba2 Rac8 18. Na3 Bf8 19. d5 e5 20. Rb1 c4 21. Nd2 Nc5 22. Naxc4 Nxa4 23. Nxa5 bxa5 24. Qe3 Nb6 25. Ra1 a4 26. Bb1 Rb8 27. Bd3 Bc8 28. Reb1 a5 29. Bg3 Bd7 30. f3 Kh7 31. Bf2 Be7 32. Qe2 Bg5 33. h4 Be7 34. Rc1 g5 35. h5 g4 36. f4 g3 37. Be3 Rg8 38. Nf3 Bg4 39. c4 Nd7 40. Rxa4 Nc5 41. Ra3 Nxd3 42. Rxd3 f5 43. Bd2 Rxb2 44. fxe5 dxe5 45. Kf1 Bb4 46. d6 Qf7 47. d7 Qxh5 48. Qe3 f4 49. d8=Q Rxd8 50. Qa7+ Kg6 51. Rxd8 Qh1+ 52. Qg1 Qxg1+ 53. Nxg1 Bxd2 54. Ra1 Bc3 55. Nf3 Bxf3 0-1

[Event "Orsha A 2021"]
[Site "Orsha"]
[Date "2021.04.06"]
[Round "2.5"]
[White "Sargsyan, Anna M."]
[Black "Sarychev, Sergey"]
[Result "1-0"]
[ECO "D34"]
[WhiteElo "2380"]
[BlackElo "1904"]
[Annotator "ChessBase"]
[PlyCount "97"]
[EventDate "2021.04.06"]
[EventType "swiss"]
[EventCountry "BLR"]
[SourceTitle "playchess.com"]
[Source "ChessBase"]
[SourceQuality "1"]
[TimeControl "5400+30"]

1. d4 d5 2. c4 e6 3. Nc3 c5 4. cxd5 exd5 5. Nf3 Nc6 6. g3 Nf6 7. Bg2 c4 8. O-O Be7 9. Ne5 O-O 10. b3 Qa5 11. Nxc6 bxc6 12. Bd2 Qb6 13. bxc4 dxc4 14. e3 Bf5 15. Re1 Rac8 16. Qc1 Bd3 17. a4 a5 18. Bf1 Rfd8 19. Rd1 Qa6 20. Be1 c5 21. Bh3 cxd4 22. exd4 Rb8 23. Nb5 Nd5 24. Bg2 Rbc8 25. Bh3 Rb8 26. Bd2 Bf6 27. Bg5 h6 28. Bxf6 Qxf6 29. Qd2 Nb4 30. Bg2 Rbc8 31. Rac1 Re8 32. Re1 Nc2 33. Rxe8+ Rxe8 34. Rxc2 Bxc2 35. Qxc2 Re1+ 36. Bf1 Qe6 37. Kg2 Qd5+ 38. f3 Re3 39. Be2 c3 40. Kf2 Re6 41. Qxc3 Qa2 42. Qd3 Qxa4 43. d5 Re8 44. d6 Qb4 45. d7 Rd8 46. Qe3 a4 47. Qe8+ Qf8 48. Nd6 a3 49. Bc4 1-0

[Event "Orsha A 2021"]
[Site "Orsha"]
[Date "2021.04.06"]
[Round "2.6"]
[White "Piatrenka, Ivan"]
[Black "Barseghyan, Armen Ar."]
[Result "0-1"]
[ECO "E46"]
[WhiteElo "1752"]
[BlackElo "2358"]
[Annotator "NA"]
[PlyCount "78"]
[EventDate "2021.04.06"]
[EventType "swiss"]
[EventCountry "BLR"]
[SourceTitle "playchess.com"]
[Source "ChessBase"]
[SourceQuality "1"]
[TimeControl "5400+30"]

1. d4 Nf6 2. c4 e6 3. Nc3 Bb4 4. e3 O-O 5. Nge2 d5 6. a3 Be7 7. Ng3 Nbd7 8. b4 a5 9. b5 c5 10. dxc5 Nxc5 11. Bb2 a4 12. Be2 dxc4 13. Bxc4 Qxd1+ 14. Rxd1 b6 15. O-O Bb7 16. Nge2 Rfc8 17. Ba2 Kf8 18. Rd4 Nfd7 19. h3 Ke8 20. Rd2 Nb3 21. Rdd1 Ndc5 22. Bb1 g6 23. Nc1 Nxc1 24. Rxc1 Nb3 25. Rcd1 Bxa3 26. Bxa3 Rxc3 27. Bb2 Rcc8 28. Bf6 a3 29. Ba2 Nc5 30. Rd6 Nd7 31. Bh4 h6 32. Rfd1 Bd5 33. Rxd7 Kxd7 34. e4 Rc2 35. Bb3 Rb2 36. Bc4 a2 37. exd5 Rb1 38. dxe6+ Ke8 39. exf7+ Kf8 0-1

[Event "Orsha A 2021"]
[Site "Orsha"]
[Date "2021.04.06"]
[Round "2.7"]
[White "Tsaruk, Maksim"]
[Black "Klachkou, Platon"]
[Result "1-0"]
[ECO "C06"]
[WhiteElo "2306"]
[BlackElo "1756"]
[Annotator "NA"]
[PlyCount "82"]
[EventDate "2021.04.06"]
[EventType "swiss"]
[EventCountry "BLR"]
[SourceTitle "playchess.com"]
[Source "ChessBase"]
[SourceQuality "1"]
[TimeControl "5400+30"]

1. e4 e6 2. d4 d5 3. Nd2 Nf6 4. e5 Nfd7 5. Bd3 c5 6. c3 Nc6 7. Ne2 cxd4 8. cxd4 f6 9. exf6 Nxf6 10. O-O Bd6 11. Nf3 Qc7 12. Bg5 O-O 13. Bh4 e5 14. dxe5 Nxe5 15. Nxe5 Bxe5 16. Bg3 Bxg3 17. Nxg3 Bd7 18. Qb3 Qb6 19. Qxb6 axb6 20. f3 Rfe8 21. Rf2 g6 22. b3 Rac8 23. Rd1 Bc6 $16 24. Rfd2 Re7 25. Ne2 Rce8 26. Nd4 Nd7 27. Kf2 Nc5 28. h4 Kg7 29. Bb5 Rc7 30. Bxc6 bxc6 31. Rc2 Kf6 32. b4 Ne6 33. Nxc6 b5 34. Rxd5 Rd8 35. Rxd8 Nxd8 36. Nd4 Rxc2+ 37. Nxc2 Nc6 38. Ke3 Ke5 39. f4+ Kd5 40. Kd3 h5 41. a3 Nb8 1-0

[Event "Orsha A 2021"]
[Site "Orsha"]
[Date "2021.04.06"]
[Round "2.8"]
[White "Hvozdz, Aliaksandr"]
[Black "Siniauski, Artsiom"]
[Result "1/2-1/2"]
[ECO "C07"]
[WhiteElo "1709"]
[BlackElo "2277"]
[Annotator "NA"]
[PlyCount "159"]
[EventDate "2021.04.06"]
[EventType "swiss"]
[EventCountry "BLR"]
[SourceTitle "playchess.com"]
[Source "ChessBase"]
[SourceQuality "1"]
[TimeControl "5400+30"]

1. e4 e6 2. d4 d5 3. Nd2 c5 4. exd5 Qxd5 5. Ngf3 cxd4 6. Bc4 Qd8 7. Nb3 Nc6 8. Nbxd4 Nxd4 9. Nxd4 a6 10. O-O Bd6 11. h3 Ne7 12. Qf3 O-O 13. Rd1 Qc7 14. Bb3 Bd7 15. Bg5 h6 16. Bxe7 Bxe7 17. Rd3 Rfd8 18. Rad1 Be8 19. Qe4 Qb6 20. a4 Bf6 21. Qe3 Rd6 22. Qd2 Rad8 23. a5 Qc5 24. Ne2 Rxd3 25. cxd3 Bb5 26. d4 Qg5 27. Qxg5 hxg5 28. Nc3 Rxd4 29. Nxb5 axb5 30. Rxd4 Bxd4 31. Bd1 Bxb2 32. Bf3 Bc3 33. Bxb7 Bxa5 34. Bc6 b4 35. Ba4 Kf8 36. Kf1 Ke7 37. Ke2 Bb6 38. f3 Kd6 39. Bb3 Ke5 40. Kd3 Kf4 41. Ke2 Bc5 42. Ba2 Ke5 43. Kd3 f6 44. Bb3 Kf5 45. Ke2 e5 46. g3 Bb6 47. Bd5 Ba7 48. Kd3 Bf2 49. Be4+ Ke6 50. g4 Kd6 51. Kc4 Be1 52. Bf5 Kc6 53. Be4+ Kb6 54. Bf5 Ka5 55. Bc2 Bd2 56. Bd1 g6 57. Bc2 f5 58. gxf5 gxf5 59. Bxf5 Ka4 60. Bc2+ Ka3 61. Bb3 Be1 62. Bd1 Kb2 63. Ba4 Bc3 64. Bb3 Ka1 65. Bd1 Ka2 66. Bb3+ Kb1 67. Ba4 Be1 68. Kb3 Kc1 69. Bd7 Kd1 70. Bg4 Kc1 71. Be6 Bc3 72. Bg4 Kd2 73. Be6 Ke2 74. Bg4 Ke3 75. Kc2 Bd4 76. Kb3 Bc5 77. Kc4 Bf8 78. Kb3 Kd2 79. Bf5 Be7 80. Bg4 1/2-1/2

[Event "Orsha A 2021"]
[Site "Orsha"]
[Date "2021.04.07"]
[Round "3.3"]
[White "Apryshko, Gleb"]
[Black "Navumenka, Mikhei"]
[Result "0-1"]
[ECO "A00"]
[WhiteElo "2391"]
[BlackElo "2052"]
[Annotator "RC"]
[PlyCount "94"]
[EventDate "2021.04.06"]
[EventType "swiss"]
[EventCountry "BLR"]
[SourceTitle "playchess.com"]
[Source "ChessBase"]
[SourceQuality "1"]
[TimeControl "5400+30"]

1. g3 c5 2. Bg2 Nc6 3. e3 g6 4. Ne2 Bg7 5. d4 d5 6. Nbc3 e6 7. dxc5 Qa5 8. O-O Nge7 9. Nf4 Qxc5 10. e4 d4 11. Nd3 Qd6 12. Nb5 Qd8 13. a4 O-O 14. b3 a6 15. Na3 e5 16. Bd2 f5 17. Nc4 Qc7 18. Nb4 fxe4 19. Bxe4 Be6 20. a5 Rad8 21. Nb6 Qd6 22. Nd3 Nd5 23. Nxd5 Bxd5 24. Qe2 Bxe4 25. Qxe4 Qd5 26. Rfe1 Qxe4 27. Rxe4 Rd5 28. Ra4 Rf7 29. Kg2 Bf8 30. f4 exf4 31. Nxf4 Rc5 32. Rc4 Rxc4 33. bxc4 Rf5 34. Nd5 Bc5 35. g4 Re5 36. Kf3 Kf7 37. g5 Rf5+ 38. Ke2 Ne5 39. Rh4 d3+ 40. cxd3 Rf2+ 41. Kd1 Rxd2+ 42. Kc1 Rf2 43. Rxh7+ Ke6 44. Rxb7 Nxd3+ 45. Kd1 Rxh2 46. Nc7+ Kf5 47. Nd5 Kxg5 0-1

[Event "Orsha A 2021"]
[Site "Orsha"]
[Date "2021.04.07"]
[Round "4.4"]
[White "Sargsyan, Anna M."]
[Black "Naumovich, Yaroslav"]
[Result "1-0"]
[ECO "D37"]
[WhiteElo "2380"]
[BlackElo "2022"]
[Annotator "RC"]
[PlyCount "61"]
[EventDate "2021.04.06"]
[EventType "swiss"]
[EventCountry "BLR"]
[SourceTitle "playchess.com"]
[Source "ChessBase"]
[SourceQuality "1"]
[TimeControl "5400+30"]

1. d4 Nf6 2. c4 e6 3. Nf3 d5 4. Nc3 Be7 5. Bf4 O-O 6. e3 b6 7. cxd5 exd5 8. Bd3 Bb7 9. O-O Nbd7 10. Rc1 c5 11. dxc5 bxc5 12. Bf5 Nb6 13. Qd3 g6 14. Bh3 Bc8 15. Bxc8 Rxc8 16. Rfd1 Qd7 17. Qa6 Nh5 18. Be5 Rfd8 19. Nb5 Rc6 20. Qxa7 Re6 21. Qxd7 Rxd7 22. b3 Nf6 23. b4 Ng4 24. bxc5 Bxc5 25. Bf4 Bf8 26. h3 Nh6 27. Nc7 Re4 28. Rc6 Rb4 29. a3 Rxf4 30. exf4 Bxa3 31. Nb5 1-0

[Event "Orsha A 2021"]
[Site "Orsha"]
[Date "2021.04.07"]
[Round "4.6"]
[White "Suslov, Dmirtry"]
[Black "Apryshko, Gleb"]
[Result "0-1"]
[ECO "B06"]
[WhiteElo "1757"]
[BlackElo "2391"]
[Annotator "RC"]
[PlyCount "46"]
[EventDate "2021.04.06"]
[EventType "swiss"]
[EventCountry "BLR"]
[SourceTitle "playchess.com"]
[Source "ChessBase"]
[SourceQuality "1"]
[TimeControl "5400+30"]

1. d4 g6 2. e4 Bg7 3. c3 d6 4. Bd3 e5 5. Nf3 Nc6 6. d5 Nce7 7. c4 f5 8. Nc3 Nf6 9. Nd2 c6 10. f3 O-O 11. Qb3 Kh8 12. O-O f4 13. g4 fxg3 14. hxg3 b5 15. dxc6 Nxc6 16. Nxb5 Nh5 17. Kf2 a6 18. Nc3 Nd4 19. Qd1 Nxg3 20. Rg1 Nh5 21. Be2 Qh4+ 22. Ke3 Bh6+ 23. Kd3 Nf4+ 0-1

[Event "Orsha A 2021"]
[Site "Orsha"]
[Date "2021.04.09"]
[Round "7.2"]
[White "Stupak, Kirill"]
[Black "Tsaruk, Maksim"]
[Result "1/2-1/2"]
[ECO "D40"]
[WhiteElo "2501"]
[BlackElo "2306"]
[Annotator "ChessBase"]
[PlyCount "68"]
[EventDate "2021.04.06"]
[EventType "swiss"]
[EventCountry "BLR"]
[SourceTitle "playchess.com"]
[Source "ChessBase"]
[SourceQuality "1"]
[TimeControl "5400+30"]

1. d4 Nf6 2. c4 e6 3. Nc3 d5 4. Nf3 c5 5. e3 Nc6 6. a3 dxc4 7. Bxc4 a6 8. O-O b5 9. Ba2 Bb7 10. Qe2 Be7 11. Rd1 Qc7 12. Qc2 Qb6 13. d5 exd5 14. Nxd5 Nxd5 15. Bxd5 O-O 16. e4 c4 17. Be3 Qc7 18. e5 Nd8 19. b3 Rc8 20. bxc4 Bxd5 21. Rxd5 Qxc4 22. Qxc4 Rxc4 23. Rd4 Rc3 24. a4 Bc5 25. axb5 axb5 26. Rd5 Bxe3 27. fxe3 Rxe3 28. Ra8 Ne6 29. Rxf8+ Kxf8 30. Rxb5 g5 31. h3 Kg7 32. Rb2 h5 33. Kf2 Re4 34. Rb5 Kg6 1/2-1/2

[Event "Orsha A 2021"]
[Site "Orsha"]
[Date "2021.04.09"]
[Round "7.3"]
[White "Poliakova, Varvara"]
[Black "Zarubitski, Viachaslau"]
[Result "0-1"]
[ECO "B00"]
[WhiteElo "1918"]
[BlackElo "2456"]
[Annotator "ChessBase"]
[PlyCount "70"]
[EventDate "2021.04.06"]
[EventType "swiss"]
[EventCountry "BLR"]
[SourceTitle "playchess.com"]
[Source "ChessBase"]
[SourceQuality "1"]
[TimeControl "5400+30"]

1. e4 e6 2. d4 b6 3. Bd3 Bb7 4. c3 c5 5. Ne2 Nf6 6. Nd2 d5 7. e5 Nfd7 8. Nf3 Ba6 9. Bc2 Nc6 10. a3 Qc7 11. O-O Rc8 12. Bb1 Na5 13. Re1 Bxe2 14. Rxe2 cxd4 15. Nxd4 Nc6 16. Nb5 Qb8 17. c4 dxc4 18. Nd6+ Bxd6 19. exd6 Nce5 20. Bf4 Ng6 21. Bg3 O-O 22. h4 Rc5 23. h5 Nge5 24. Rd2 f5 25. f4 Ng4 26. Qe2 Qe8 27. Bc2 Rf6 28. Bh4 Qxh5 29. g3 Rh6 30. Qf3 Ngf6 31. Qa8+ Qe8 32. Qxa7 Rxh4 33. gxh4 Nd5 34. Rf2 Ra5 35. Qb7 Nc5 0-1

[Event "Orsha A 2021"]
[Site "Orsha"]
[Date "2021.04.09"]
[Round "7.4"]
[White "Navumenka, Mikhei"]
[Black "Barseghyan, Armen Ar."]
[Result "1/2-1/2"]
[ECO "E10"]
[WhiteElo "2052"]
[BlackElo "2358"]
[Annotator "NA"]
[PlyCount "65"]
[EventDate "2021.04.06"]
[EventType "swiss"]
[EventCountry "BLR"]
[SourceTitle "playchess.com"]
[Source "ChessBase"]
[SourceQuality "1"]
[TimeControl "5400+30"]

1. d4 Nf6 2. c4 e6 3. Nf3 a6 4. g3 b5 5. b3 Bb4+ 6. Bd2 Be7 7. Bg2 Bb7 8. O-O O-O 9. Nc3 Ne4 10. Ne1 Nxc3 11. Bxc3 Bxg2 12. Nxg2 d5 13. Qc2 c6 14. e4 Nd7 15. Rfe1 dxe4 16. Qxe4 Rc8 17. Rad1 Nf6 18. Qe2 Qb6 19. Nf4 Rfe8 20. Qf3 $11 bxc4 21. bxc4 a5 22. d5 cxd5 23. cxd5 Nxd5 24. Nxd5 exd5 25. Bxg7 Kxg7 26. Rxe7 Rxe7 27. Qg4+ Qg6 28. Qxc8 Re2 29. a3 Qe4 30. Qc3+ f6 31. Qxa5 Kg6 32. Qc3 d4 33. Qb3 1/2-1/2

[Event "Orsha A 2021"]
[Site "Orsha"]
[Date "2021.04.09"]
[Round "7.5"]
[White "Apryshko, Gleb"]
[Black "Sarychev, Sergey"]
[Result "1-0"]
[ECO "A08"]
[WhiteElo "2391"]
[BlackElo "1904"]
[Annotator "NA"]
[PlyCount "37"]
[EventDate "2021.04.06"]
[EventType "swiss"]
[EventCountry "BLR"]
[SourceTitle "playchess.com"]
[Source "ChessBase"]
[SourceQuality "1"]
[TimeControl "5400+30"]

1. e4 e6 2. d3 d5 3. Nd2 c5 4. Ngf3 Nc6 5. g3 Bd6 6. Bg2 Nge7 7. O-O O-O 8. Nh4 g5 9. Nhf3 f6 10. exd5 exd5 11. c4 Bf5 12. cxd5 Nb4 13. Ne4 Nbxd5 14. b4 (14. h4 $16) 14... cxb4 15. Qb3 (15. h4 $14) 15... a5 16. a4 $15 Kg7 17. Bb2 g4 18. Nd4 Bc8 19. Ng5 1-0